[Event "*** Titled Tuesday Blitz"]
[Site "Chess.com"]
[Date "2018.11.06"]
[Round "3"]
[White "talento10"]
[Black "ShadyH9"]
[Result "1-0"]
[WhiteElo "2440"]
[BlackElo "2274"]
[TimeControl "180+2"]
[EndTime "13:38:52 PST"]
[Termination "talento10 won by resignation"]

1. e4 c5 2. Nf3 Nc6 3. d4 cxd4 4. Nxd4 g6 5. Nc3 Bg7 6. Be3 Nf6 7. Nxc6 bxc6 8. e5 Ng8 9. f4 f6 10. Bd4 Qa5 11. Qe2 fxe5 12. Bxe5 Nf6 13. O-O-O O-O 14. Qc4+ Kh8 15. Be2 d6 16. Qxc6 Bd7 17. Qa6 Qxa6 18. Bxa6 dxe5 19. fxe5 Bg4 20. Rd4 Bc8 21. Bxc8 Rfxc8 22. exf6 Bxf6 23. Rd3 Bxc3 24. bxc3 Rc7 25. Re1 Rac8 26.
Rde3 Rxc3 27. Rxc3 Rxc3 28. Rxe7 Ra3 29. Kb2 Ra6 30.
c4 Kg8 31. Kb3 h5 32. a4 Kf8 33. Rb7 Ke8 34. Kb4 Kd8 35. Kb5 Rf6 36. Rxa7 Rf2 37. g3 Rxh2 38. Rg7 Rb2+ 39. Kc5 Ra2 40. Kb4 Rb2+ 41. Kc3 Rg2 42. Rxg6 h4 43. Kb4 Rxg3 44. Rh6 Rh3 45. a5 Rh1 46. a6 h3 47. a7 Ra1 48.
a8=Q+ 1-0

[Event "*** Titled Tuesday Blitz"]
[Site "Chess.com"]
[Date "2018.11.06"]
[Round "3"]
[White "ohusbands"]
[Black "XDPS"]
[Result "1-0"]
[WhiteElo "2533"]
[BlackElo "2596"]
[TimeControl "180+2"]
[EndTime "13:38:55 PST"]
[Termination "ohusbands won on time"]

1. e4 c5 2. Nf3 e6 3. d4 cxd4 4. Nxd4 a6 5. Bd3 Bc5 6. Nb3 Ba7 7. Qe2 Nc6 8. O-O Nge7 9. Nc3 O-O 10. Be3 d5 11.
Bxa7 Rxa7 12. Rad1 d4 13. Nb1 e5 14. a3 b5 15. c3 Be6 16. Nc5 Qd6 17. Nxe6 Qxe6 18. a4 b4 19. Bxa6 bxc3 20. Bc4 Qc8 21. bxc3 dxc3 22.
Nxc3 Nd4 23. Qd3 Ng6 24. Nd5 Kh8 25. Bb5 f5 26. exf5 Nxf5 27. Rfe1 Raf7 28. Nb6 Qb7 29. Nd7 Nfh4 30. Qe4 Qa7 31. Nxf8 Rxf8 32. Re3 Nf4 33. Qxe5 Nhxg2 34. Rd7 Qxd7 35. Bxd7 Nxe3 36. fxe3 Ne2+ 37. Kg2 h5 38. Bb5 Nc1 39. Qxh5+ 1-0

[Event "*** Titled Tuesday Blitz"]
[Site "Chess.com"]
[Date "2018.11.06"]
[Round "3"]
[White "HaryKane"]
[Black "penguingm1"]
[Result "0-1"]
[WhiteElo "2582"]
[BlackElo "2844"]
[TimeControl "180+2"]
[EndTime "13:39:05 PST"]
[Termination "penguingm1 won by resignation"]

1. e4 e5 2. Nf3 Nc6 3. Bb5 a6 4.
Ba4 Nf6 5. d3 d6 6. c3 g6 7. h3 Bg7 8. Bg5 h6 9. Be3 O-O 10. Qd2 Kh7 11. O-O b5 12. Bb3 Bb7 13. a4 Na5 14. Bc2 c5 15. axb5 axb5 16. Na3 Ba6 17. b4 cxb4 18. cxb4 Nc6 19. d4 exd4 20.
Nxd4 Ne5 21. f4 Nc4 22. Nxc4 bxc4 23. b5 Bb7 24. Rxa8 Qxa8 25. e5 Nd5 26. Nc6 Nxe3 27.
Qxe3 Bxc6 28. bxc6 Qxc6 29. e6 d5 30. f5 d4 31. Qe4 Qxe4 32. Bxe4 fxe6 33. fxe6 Re8 34. Bd5 c3 35. Bc4 Rc8 36. e7 Re8 37. Re1 Bf6 38. Kf2 Bg5 39. Bd3 Be3+ 40. Ke2 Rxe7 41. Kd1 Ra7 42. Kc2 Ra2+ 43. Kd1 Rd2+ 44. Kc1 Rxd3+ 0-1

[Event "*** Titled Tuesday Blitz"]
[Site "Chess.com"]
[Date "2018.11.06"]
[Round "3"]
[White "Vamostodorecto"]
[Black "mitrabhaa"]
[Result "1-0"]
[WhiteElo "2446"]
[BlackElo "2608"]
[TimeControl "180+2"]
[EndTime "13:39:07 PST"]
[Termination "Vamostodorecto won by resignation"]

1. d4 e6 2. c4 Nf6 3. Nc3 Bb4 4.
a3 Bxc3+ 5. bxc3 O-O 6. f3 d6 7.
e4 e5 8. Bd3 Nbd7 9. Ne2 Re8 10. O-O c5 11. Bg5 Nf8 12. f4 h6 13. fxe5 hxg5 14. exf6 gxf6 15. Ng3 Ng6 16. Nh5 Re6 17. d5 Re5 18. Nxf6+ Kg7 19. Qf3 Nf4 20. Nh5+ Nxh5 21. Qxh5 Qe7 22. Qf3 Bd7 23. Ra2 Rh8 24. Raf2 Be8 25.
Qf6+ Kg8 26. Rf5 Qxf6 27. Rxf6 Kf8 28. Rxd6 Ke7 29. Rdf6 Rh4 30. R6f5 Rxf5 31. Rxf5 Rg4 32. g3 Bd7 33. Rf3 f5 34. h3 Rxe4 35. Bxe4 fxe4 36. Re3 Bf5 37. g4 Bg6 38. Kf2 Kd6 39. Kg3 b5 40.
cxb5 Kxd5 41. h4 Kc4 42. h5 Bh7 43. Kf2 Kxb5 44. Ke2 Ka4 45. Kd2 Kxa3 46. Re1 Kb2 47. Rf1 a5 48. Rf7 Bg8 49. Rb7+ Bb3 50. h6 a4 51. h7 a3 52. h8=Q a2 53. c4+ Ka3 54. Qa1 Bxc4 55. Qc3+ Ka4 56. Qxc4+ 1-0

[Event "*** Titled Tuesday Blitz"]
[Site "Chess.com"]
[Date "2018.11.06"]
[Round "3"]
[White "SergeiAza"]
[Black "Bykov_Egor"]
[Result "1-0"]
[WhiteElo "2811"]
[BlackElo "2534"]
[TimeControl "180+2"]
[EndTime "13:39:08 PST"]
[Termination "SergeiAza won by resignation"]

1. e4 e5 2. Nf3 Nc6 3. Bb5 a6 4.
Ba4 Nf6 5. O-O Be7 6. Re1 b5 7. Bb3 d6 8. c3 O-O 9. h3 Bb7 10. d4 Re8 11. Nbd2 exd4 12. cxd4 Nd7 13. Nf1 Na5 14. Bc2 Bf6 15. b3 c5 16. Bb2 Nc6 17. Ng3 Nxd4 18. Nxd4 Bxd4 19. Bxd4 cxd4 20. Qxd4 Rc8 21. Qd2 Ne5 22. Rad1 d5 23. exd5 Qxd5 24. Qxd5 Bxd5 25. Rxd5 Nf3+ 26. gxf3 Rxe1+ 27. Kg2 g6 28.
Rd2 Ra1 29. Be4 h5 30. h4 Rc7 31. f4 f5 32. Bf3 Rcc1 33. Rd6 Rxa2 34. Rxg6+ Kh7 35. Rg5 Rcc2 36. Rxh5+ Kg6 37. Rg5+ Kh7 38. Nxf5 Rxf2+ 39. Kg3 Rf1 40. Be4 Re1 41. Nd6+ 1-0

[Event "*** Titled Tuesday Blitz"]
[Site "Chess.com"]
[Date "2018.11.06"]
[Round "3"]
[White "Rashad_Zeynalli"]
[Black "Atanejhad"]
[Result "1-0"]
[WhiteElo "2401"]
[BlackElo "2220"]
[TimeControl "180+2"]
[EndTime "13:39:14 PST"]
[Termination "Rashad_Zeynalli won by resignation"]

1. d4 Nf6 2. Bf4 c5 3. e3 d5 4. c3 Nc6 5. Nf3 Qb6 6. Qb3 c4 7. Qc2 Bf5 8. Qc1 e6 9. h3 h6 10. Be2 Be7 11. Ne5 O-O 12. Nd2 Nxe5 13. Bxe5 Nd7 14.
Bg3 Qa5 15. e4 Bg6 16. O-O b5 17. exd5 exd5 18. Re1 Rfe8 19. Bf3 b4 20. Nxc4 Qa6 21. Bxd5 Rac8 22. cxb4 Bxb4 23. Rxe8+ Rxe8 24. a3 Bf8 25. Ne5 Nxe5 26. Bxe5 Rc8 27. Qf4 Rc2 28. b3 Qe2 29.
Bc4 Qd2 30. Qxd2 Rxd2 31. Kf1 Be4 32. b4 Rc2 33. Bb3 Bd3+ 34. Kg1 Rb2 35. Bd5 Bg6 36. Rc1 Kh7 37. Rc8 Be7 38. Rc7 Bg5 39. Bxf7 Be4 40. Bc4 h5 41. Rxg7+ Kh6 42. Rxa7 Rb1+ 43.
Kh2 Rb2 44. Ra6+ Kh7 45. Ra7+ Kh6 46. Rf7 Rc2 47. Be6 Bg6 48. Rf8 h4 49. Rh8+ Bh7 50. Rxh7+ 1-0

[Event "*** Titled Tuesday Blitz"]
[Site "Chess.com"]
[Date "2018.11.06"]
[Round "3"]
[White "saraswathii"]
[Black "OscarAng"]
[Result "0-1"]
[WhiteElo "2279"]
[BlackElo "2093"]
[TimeControl "180+2"]
[EndTime "13:39:14 PST"]
[Termination "OscarAng won by checkmate"]

1. d4 d5 2. Bf4 c5 3. c3 Nc6 4. e3 Qb6 5. Qb3 c4 6. Qc2 e5 7.
Bxe5 Bf5 8. Qc1 Nxe5 9. dxe5 f6 10. Nf3 fxe5 11. Nxe5 Nf6 12. Nd2 Bc5 13. Be2 O-O 14.
Nef3 Ng4 15. Nd4 Rae8 16. Nxf5 Nxf2 17. Kxf2 Bxe3+ 18. Kf1 Rxf5+ 19. Bf3 Qh6 20. Qc2 Qh4 21. Nb1 Ref8 22. Qe2 Re5 23. Na3 Bc5 24. Qd2 Re3 25. Qxd5+ Kh8 26. Qxc5 Rfxf3+ 27. gxf3 Rxf3+ 28. Ke2 Qe4+ 29. Kd2 Rd3+ 30. Kc1 Qxh1+ 31. Kc2 Qg2+ 32. Kc1 Qf1+ 33. Kc2 Qe2+ 34. Kb1 Qd1# 0-1

[Event "*** Titled Tuesday Blitz"]
[Site "Chess.com"]
[Date "2018.11.06"]
[Round "3"]
[White "Morshynska"]
[Black "PawnEatingZombie"]
[Result "1-0"]
[WhiteElo "2074"]
[BlackElo "2113"]
[TimeControl "180+2"]
[EndTime "13:39:16 PST"]
[Termination "Morshynska won on time"]

1. d4 d5 2. c4 e6 3. Nc3 Bb4 4. a3 Bxc3+ 5. bxc3 Nf6 6. f3 c5 7. e3 O-O 8. Bd3 b6 9. cxd5 exd5 10. Ne2 Ba6 11. O-O Bxd3 12. Qxd3 Nc6 13. Ng3 Re8 14. Bb2 h5 15. Rae1 c4 16. Qc2 Qd7 17. e4 h4 18.
Nf5 dxe4 19. fxe4 h3 20. gxh3 g6 21. Nh6+ Kg7 22. e5 Qxh3 23. Rxf6 Kxh6 24. Rxc6 Rad8 25.
Rf6 Kg7 26. Ref1 Re7 27. a4 Rh8 28. Qg2 Qd3 29. Bc1 Rh5 30. Bg5 Qxc3 31. Rxg6+ fxg6 32. Bxe7 Qxd4+ 33. Kh1 Kh6 34. Bf6 1-0

[Event "*** Titled Tuesday Blitz"]
[Site "Chess.com"]
[Date "2018.11.06"]
[Round "3"]
[White "vugarrasulov"]
[Black "kleinebeer98"]
[Result "1-0"]
[WhiteElo "2776"]
[BlackElo "2616"]
[TimeControl "180+2"]
[EndTime "13:39:17 PST"]
[Termination "vugarrasulov won by resignation"]

1. e4 e5 2. Nf3 Nc6 3. Bb5 f5 4. Nc3 fxe4 5. Nxe4 d5 6. Nxe5 dxe4 7. Nxc6 Qd5 8. c4 Qd6 9. Nxa7+ c6 10. Nxc8 Rxc8 11.
Qg4 Rd8 12. Qxe4+ Kd7 13. c5 Qxc5 14. Be2 Nf6 15. Qf3 Bd6 16. O-O Rhf8 17. d4 Qd5 18. Rd1 Kc7 19. Be3 Ne4 20. Qh3 Bf4 21. Bf3 Ng5 22.
Bxf4+ Rxf4 23. Qg3 Nxf3+ 24. gxf3 Qxf3 25. d5 Qxg3+ 26. hxg3 Rb4 27. dxc6 Rxb2 28. Rxd8 Kxd8 29. cxb7 Kc7 30.
a4 Kxb7 31. Re1 Kc6 32. Re7 g5 33. Rxh7 Rb4 34. Rh5 g4 35. a5 Ra4 36. Rf5 Kd6 37.
Rf4 Rxa5 38. Rxg4 Ke6 39. Kg2 Kf5 40. Rf4+ Kg5 41. Rf8 Ra2 42. Kh3 Ra1 43. f4+ Kh5 44. Rf5+ Kh6 45. Kg4 Ra3 46. Rf6+ Kg7 47. Re6 Rb3 48.
f5 Ra3 49. Kf4 Kf7 50. g4 Ra1 51. Kg5 Rh1 52. Rh6 Rg1 53. Rh7+ Kg8 54. Rb7 Kf8 55. Kf6 Kg8 56. g5 1-0

[Event "*** Titled Tuesday Blitz"]
[Site "Chess.com"]
[Date "2018.11.06"]
[Round "3"]
[White "Lagmantr"]
[Black "MishkaFighter"]
[Result "1-0"]
[WhiteElo "2527"]
[BlackElo "2298"]
[TimeControl "180+2"]
[EndTime "13:39:18 PST"]
[Termination "Lagmantr won by checkmate"]

1. e4 d6 2. d4 Nf6 3. Nc3 g6 4. Nf3 Bg7 5. Be3 O-O 6. Bd3 Nc6 7. d5 Nb4 8. Be2 c6 9. a3 Na6 10. Bxa6 bxa6 11. dxc6 Rb8 12. Bxa7 Rxb2 13. Bd4 e5 14. Na4 Qa5+ 15. Bc3 Qxa4 16. Bxb2 Qxe4+ 17. Qe2 Qxc6 18. O-O Bg4 19. h3 Bxf3 20. Qxf3 Qxc2 21. Rab1 h5 22. Rfc1 Qa4 23. Qc6 Qf4 24. Qxa6 Ne4 25. Qe2 Kh7 26. Re1 Nc5 27. Rbd1 Rb8 28. Rxd6 Na4 29. Bxe5 Bxe5 30. Qxe5 Qc4 31. Qd5 Qc3 32. Qxf7+ Qg7 33. Qxg7+ Kxg7 34. Re7+ Kh6 35. Ree6 Rb1+ 36. Kh2 Nc3 37. Rxg6+ Kh7 38. Rh6+ Kg7 39. Rdg6+ Kf7 40. Rc6 Ne4 41. Rh7+ Kg8 42.
Re7 Nxf2 43. Rc8# 1-0

[Event "*** Titled Tuesday Blitz"]
[Site "Chess.com"]
[Date "2018.11.06"]
[Round "3"]
[White "Alex_Terzi"]
[Black "Rakhmanov_Aleksandr"]
[Result "0-1"]
[WhiteElo "2468"]
[BlackElo "2866"]
[TimeControl "180+2"]
[EndTime "13:39:18 PST"]
[Termination "Rakhmanov_Aleksandr won by resignation"]

1. e4 c5 2. Nf3 Nf6 3. Nc3 d5 4. exd5 Nxd5 5. Bc4 Nb6 6. Bb5+ Bd7 7. O-O Bxb5 8. Nxb5 Nc6 9. d3 e6 10. Bf4 Nd5 11. Bg3 a6 12. Nc3 Be7 13. Re1 O-O 14.
Ne5 Nd4 15. Nxd5 Qxd5 16. Qd2 Nf5 17. Qf4 Rad8 18. Qe4 Bf6 19. Qxd5 Rxd5 20. f4 Bxe5 21. fxe5 Rc8 22. Re4 g5 23. Bf2 h5 24. h3 Kg7 25.
g4 hxg4 26. hxg4 Nd4 27. Bxd4 cxd4 28. Rc1 b5 29. Kf1 Kg6 30. Ke2 Rh8 31. Rf1 Rc5 32.
Rxd4 Rxc2+ 33. Ke3 Rh3+ 34. Rf3 Rxf3+ 35. Kxf3 Rxb2 36. a4 a5 37. axb5 Rxb5 38. Ke4 f6 39. exf6 Kxf6 40. Rc4 Rb4 41. Rxb4 axb4 42. d4 b3 43. Kd3 e5 44. d5 e4+ 45. Kc3 e3 46. Kxb3 e2 0-1

[Event "*** Titled Tuesday Blitz"]
[Site "Chess.com"]
[Date "2018.11.06"]
[Round "3"]
[White "GCamachoMartinez"]
[Black "Makalexa"]
[Result "1-0"]
[WhiteElo "2323"]
[BlackElo "2131"]
[TimeControl "180+2"]
[EndTime "13:39:18 PST"]
[Termination "GCamachoMartinez won by checkmate"]

1. d4 Nf6 2. c4 g6 3. Nc3 Bg7 4. e4 d6 5. Be2 O-O 6. Be3 Nc6 7. d5 Ne5 8. h3 c6 9. f4 Ned7 10. Nf3 cxd5 11. cxd5 Qa5 12. O-O a6 13. Nd4 Nc5 14. Bf3 Qc7 15. Rc1 Qb8 16. b4 Ncd7 17. Nb3 b5 18. Nd4 Bb7 19. Nc6 Qe8 20. a4 bxa4 21.
Nxa4 e5 22. fxe5 Nxe5 23. Nxe5 Qxe5 24. Bd4 Qe7 25. Nb6 Rae8 26. Re1 Qd8 27. Nc4 Re7 28. Na5 Rfe8 29. Nc6 Bxc6 30. dxc6 Nxe4 31. Bxg7 Kxg7 32. c7 Qc8 33. Qd4+ Nf6 34. Rxe7 Rxe7 35. Bb7 Rxc7 36. Bxc8 Rxc1+ 37. Kh2 Rxc8 38. Qxd6 h5 39. Qxa6 Rc2 40.
Qd3 Rb2 41. Qc3 Rb1 42. h4 Rf1 43. b5 Kh7 44. b6 Ng4+ 45. Kg3 f5 46. Qc7+ Kh6 47.
b7 g5 48. hxg5+ Kxg5 49. Qg7# 1-0

[Event "*** Titled Tuesday Blitz"]
[Site "Chess.com"]
[Date "2018.11.06"]
[Round "3"]
[White "Perecke"]
[Black "xpto15"]
[Result "0-1"]
[WhiteElo "1983"]
[BlackElo "1303"]
[TimeControl "180+2"]
[EndTime "13:39:20 PST"]
[Termination "xpto15 won by resignation"]

1. e4 e5 2. Nf3 Nc6 3. d4 exd4 4. Bc4 Nf6 5. e5 d5 6. Bb5 Ne4 7. Nxd4 Bd7 8. Bxc6 bxc6 9. O-O Bc5 10. f3 Ng5 11.
Be3 O-O 12. f4 Ne4 13. c3 Bb6 14. Nd2 f5 15. Nxe4 fxe4 16. Qd2 a5 17. Kh1 a4 18. Ne2 Qe7 19. Bxb6 cxb6 20. Ng3 g6 21. Rad1 Kh8 22. c4 Be6 23. cxd5 cxd5 24. Qd4 b5 25. Ne2 b4 26. Qe3 a3 27. b3 Rac8 28. Nd4 Rc3 29.
Qd2 Rfc8 30. Nxe6 Qxe6 31. Qxd5 Qxd5 32. Rxd5 Rc2 33. e6 Re8 34. Re5 Rxa2 35. Rxe4 Rb2 36. Rxb4 a2 37. Ra4 Rxe6 38. Rd1 Rb1 39. Rg1 Ree1 40. Ra8+ Kg7 41. Ra7+ Kg8 42. Ra8+ Kf7 43. Ra7+ Kf8 44. Ra8+ Ke7 45. Ra7+ Ke8 46. Ra8+ Kd7 0-1

[Event "*** Titled Tuesday Blitz"]
[Site "Chess.com"]
[Date "2018.11.06"]
[Round "3"]
[White "mc4chess"]
[Black "Fy_Rakotomaharo"]
[Result "1-0"]
[WhiteElo "2502"]
[BlackElo "2373"]
[TimeControl "180+2"]
[EndTime "13:39:24 PST"]
[Termination "mc4chess won by resignation"]

1. Nf3 Nf6 2. c4 g6 3. g3 c6 4. Bg2 d5 5. cxd5 cxd5 6. O-O Bg7 7. d4 O-O 8. Nc3 Ne4 9. Qb3 Nc6 10. Rd1 Na5 11. Qb4 Bf5 12. Bf4 Nxc3 13. bxc3 Rc8 14. Ne5 b6 15. Rac1 Nc4 16. Nxc4 Rxc4 17. Qb5 e6 18. f3 g5 19. Bd2 Bg6 20. e4 Rc8 21. e5 h6 22. f4 Qe7 23. Qe2 Rc7 24. Rf1 Rfc8 25. fxg5 hxg5 26. Qg4 Bf5 27. Rxf5 exf5 28. Qxf5 Qe6 29. Qxg5 b5 30. h4 b4 31. cxb4 Rxc1+ 32. Bxc1 Qb6 33. Be3 Qxb4 34. Bxd5 Qe1+ 35. Kg2 Rc2+ 36.
Kh3 Qf1+ 37. Kg4 Qe2+ 38. Bf3 Qd3 39. Kf4 Rc3 40. Qd8+ Kh7 41. Be4+ 1-0

[Event "*** Titled Tuesday Blitz"]
[Site "Chess.com"]
[Date "2018.11.06"]
[Round "3"]
[White "mikhaillushenkov"]
[Black "EvgenyT"]
[Result "0-1"]
[WhiteElo "2664"]
[BlackElo "2935"]
[TimeControl "180+2"]
[EndTime "13:39:28 PST"]
[Termination "EvgenyT won by resignation"]

1. Nf3 d5 2. d4 Nf6 3. c4 e6 4.
Nc3 Bb4 5. cxd5 exd5 6. Bg5 Nbd7 7.
Qb3 c5 8. e3 Qa5 9. Nd2 cxd4 10. exd4 O-O 11. Be2 Re8 12. Be3 Bxc3 13. Qxc3 Qxc3 14.
bxc3 Nb6 15. a4 a5 16. Bb5 Bd7 17. Bxd7 Nbxd7 18. Ke2 Rac8 19. Kd3 Rc6 20. Rhc1 Rec8 21. f3 h6 22. Rab1 Nb6 23. Ra1 Kf8 24. g4 Nc4 25.
Bf4 Nb2+ 26. Ke2 Rxc3 27. Rxc3 Rxc3 28. Rb1 Rc2 29. Ke1 Ke8 30. Be5 b6 31. h4 Kd7 32.
h5 Nxa4 33. Rb3 Rc3 34. Rb1 Kc6 35. Ke2 b5 36. Nb3 Kb6 37. Nc5 Rc4 38. Bxf6 gxf6 39.
Nd7+ Kc6 40. Nxf6 Nc3+ 41. Ke3 Nxb1 42. g5 hxg5 43. h6 Kb7 44. Ne8 Rc6 45. h7 Rh6 46. Nd6+ Ka6 0-1

[Event "*** Titled Tuesday Blitz"]
[Site "Chess.com"]
[Date "2018.11.06"]
[Round "3"]
[White "Polish_fighter3000"]
[Black "Grieve72"]
[Result "1-0"]
[WhiteElo "2979"]
[BlackElo "2294"]
[TimeControl "180+2"]
[EndTime "13:39:30 PST"]
[Termination "Polish_fighter3000 won by resignation"]

1. e4 d6 2. d4 Nf6 3. Bd3 e5 4. c3 c6 5. Nf3 Qc7 6. h3 Be7 7.
O-O Nbd7 8. Re1 h6 9. Nbd2 Nf8 10. Nf1 Ng6 11. Ng3 O-O 12. Be3 Re8 13. a4 Bf8 14. a5 Nf4 15. Bxf4 exf4 16. Nf1 g6 17. Qd2 Nh5 18. N1h2 Bg7 19. b4 Bd7 20. Ng4 Re7 21.
e5 Rae8 22. Re2 b6 23. axb6 axb6 24. Rae1 c5 25. Nh4 dxe5 26. dxe5 Bxe5 27. Bxg6 f3 28. Nxh6+ Kf8 29. Rxe5 Rxe5 30. Rxe5 Rxe5 31. Nxf7 Re6 32. Bxh5 Bc6 33. Nxf3 Bxf3 34. Ng5 Rf6 35. Bxf3 cxb4 36. cxb4 Qf4 37. Ne6+ 1-0

[Event "*** Titled Tuesday Blitz"]
[Site "Chess.com"]
[Date "2018.11.06"]
[Round "3"]
[White "OparinGrigoriy"]
[Black "Federtiu"]
[Result "1/2-1/2"]
[WhiteElo "2918"]
[BlackElo "2629"]
[TimeControl "180+2"]
[EndTime "13:39:31 PST"]
[Termination "Game drawn by repetition"]

1. c4 g6 2. Nf3 Bg7 3. g3 d6 4.
Bg2 c6 5. Nc3 a6 6. a3 b5 7. b3 Nd7 8. Bb2 bxc4 9. bxc4 Rb8 10.
Qc2 Qc7 11. O-O Ngf6 12. Rab1 O-O 13. Rfc1 Bb7 14. d4 d5 15. Na4 Qd8 16. Nd2 Re8 17. Nb3 e5 18. Nac5 e4 19. Nxb7 Rxb7 20. e3 Qb6 21. Bc3 Reb8 22. Bf1 Bf8 23. c5 Qa7 24. Na5 Rxb1 25. Rxb1 Rxb1 26. Qxb1 Qb8 27. Qc2 Qc8 28. Bh3 Qc7 29. Nb3 Be7 30. a4 Bd8 31. Ba5 Qb8 32. Qc3 Bxa5 33. Nxa5 Qb1+ 34. Bf1 Ng4 35. Nxc6 Nxh2 36. Kxh2 Qxf1 37. Ne7+ Kf8 38. Nxd5 Qxf2+ 39. Kh1 Qf1+ 40. Kh2 Qf2+ 41. Kh1 Qf1+ 42. Kh2 Qf2+ 43.
Kh1 Qf1+ 1/2-1/2

[Event "*** Titled Tuesday Blitz"]
[Site "Chess.com"]
[Date "2018.11.06"]
[Round "3"]
[White "enriquetejedor"]
[Black "murmah2003"]
[Result "1-0"]
[WhiteElo "2481"]
[BlackElo "2507"]
[TimeControl "180+2"]
[EndTime "13:39:31 PST"]
[Termination "enriquetejedor won by checkmate"]

1. e4 c5 2. Nf3 d6 3. d4 cxd4 4. Nxd4 Nf6 5. Bd3 e5 6. Nf3 Be7 7. O-O O-O 8. c4 Nc6 9. h3 Nb4 10. Nc3 Nxd3 11. Qxd3 Be6 12. b3 Rc8 13. Be3 a6 14. Rfd1 Qa5 15. Bd2 Qc5 16. Be3 Qa5 17. Bd2 Qc5 18. Rac1 Rfd8 19. Be3 Qa5 20. Bd2 Qa3 21.
Nb1 Qc5 22. Ng5 Bd7 23. Nc3 h6 24. Be3 Qa5 25. Nf3 Be6 26. Rc2 b5 27. Nd5 Nxd5 28.
exd5 bxc4 29. bxc4 Bd7 30. Rb1 Qa4 31. Nd2 h5 32. Rb7 g6 33. Qb3 Qxb3 34. axb3 f5 35. Bb6 Bg5 36. Nf3 Bh6 37. Bxd8 Rxd8 38. c5 dxc5 39.
Nxe5 Bb5 40. Rxc5 Bf8 41. Rcc7 Rxd5 42. Nxg6 Rd1+ 43. Kh2 Bd6+ 44. f4 Bxc7 45. Rxc7 Rb1 46. Kg3 Rxb3+ 47. Kh4 Rd3 48. Kg5 Rd7 49. Rc8+ Kg7 50.
Ne5 Rd2 51. Rc7+ Kf8 52. Kf6 Ke8 53. Kxf5 Rxg2 54. Rh7 Kd8 55. Ke6 a5 56. Rb7 Be2 57. f5 Rg1 58. Nf7+ Kc8 59. Nd6+ Kd8 60. Rd7# 1-0

[Event "*** Titled Tuesday Blitz"]
[Site "Chess.com"]
[Date "2018.11.06"]
[Round "3"]
[White "Keaton87"]
[Black "Artooooo"]
[Result "0-1"]
[WhiteElo "2463"]
[BlackElo "2744"]
[TimeControl "180+2"]
[EndTime "13:39:31 PST"]
[Termination "Artooooo won by resignation"]

1. Nf3 Nf6 2. c4 g6 3. Nc3 d6 4. e4 Nc6 5. d4 Bg7 6. d5 Nb8 7. Be3 e5 8. dxe6 Bxe6 9. Nd4 Bd7 10. Be2 O-O 11. O-O Nc6 12. Nc2 Re8 13.
f3 Nh5 14. Kh1 Qh4 15. Bf2 Qd8 16. Re1 Nf4 17. Bf1 b6 18. Rb1 a5 19. Nd5 Ne6 20. b3 Nc5 21. Nd4 Ne5 22. h3 Rb8 23. a3 Ra8 24. b4 axb4 25. axb4 Na4 26. Qd2 c6 27. Ne3 c5 28. bxc5 dxc5 29. Nb5 Nc6 30.
Nd5 Be6 31. Red1 Bxd5 32. cxd5 Nb4 33. d6 Ra5 34. Bc4 Rf8 35. d7 Nc6 36. Qd6 Ne5 37. Bf1 Rxb5 38. Rxb5 Nc3 39. Rxb6 Nxd1 40. Qxd1 Qxb6 41.
Bxc5 Qxc5 42. d8=Q Rxd8 43. Qxd8+ Bf8 44. Qd2 Nc6 45. Qa2 Qe5 46. Bc4 Qf4 47. Bd5 Bd6 48. g3 Qxf3+ 49. Kh2 Qxg3+ 0-1

[Event "*** Titled Tuesday Blitz"]
[Site "Chess.com"]
[Date "2018.11.06"]
[Round "3"]
[White "Jbd735"]
[Black "GMSrinath"]
[Result "0-1"]
[WhiteElo "2469"]
[BlackElo "2835"]
[TimeControl "180+2"]
[EndTime "13:39:39 PST"]
[Termination "GMSrinath won by resignation"]

1. e4 e5 2. Nf3 Nc6 3. Bb5 f5 4. Nc3 fxe4 5. Nxe4 Nf6 6. Qe2 d5 7. Nxe5 dxe4 8. Nxc6 bxc6 9. Bxc6+ Bd7 10. Bxa8 Qxa8 11.
O-O Bd6 12. Qc4 Qc8 13. d3 Be6 14. Qa4+ Qd7 15. Qxd7+ Kxd7 16. dxe4 Nxe4 17. Be3 a6 18. f3 Nf6 19. Rfd1 Kc6 20. Bd4 Rb8 21. b3 Rf8 22.
c4 g5 23. Re1 Bf5 24. c5 Bf4 25. g3 Bd2 26. Re2 Ba5 27. a3 Nd5 28. b4 Bd3 29.
Re6+ Kd7 30. Re5 Kc6 31. bxa5 Rxf3 32. Rxg5 Bc4 33. Re1 Kb5 34. h4 Rxa3 35. c6 Kxc6 36. Rc1 Ra4 37. h5 Kd6 38. Rg7 Bd3 39. g4 Rxd4 40.
h6 Bg6 41. g5 Rg4+ 42. Kf2 Rxg5 43. Rd1 Kc6 44. Rc1+ Kb5 45. Rb1+ Kxa5 46. Rd1 Kb5 47. Rc1 c5 48. Rb1+ Kc6 49. Ra1 Nb4 50. Re1 Nd3+ 51.
Kf1 Nxe1 52. Kxe1 Rh5 0-1

[Event "*** Titled Tuesday Blitz"]
[Site "Chess.com"]
[Date "2018.11.06"]
[Round "3"]
[White "chessdjw"]
[Black "Superfelix"]
[Result "1-0"]
[WhiteElo "2589"]
[BlackElo "2409"]
[TimeControl "180+2"]
[EndTime "13:39:43 PST"]
[Termination "chessdjw won by resignation"]

1. d4 g6 2. c4 Bg7 3. Nc3 d6 4.
e4 Nc6 5. d5 Nb8 6. Nf3 e6 7. Bd3 Bxc3+ 8. bxc3 e5 9. O-O Nd7 10.
Be3 b6 11. Nd2 Nc5 12. Bc2 Qe7 13. f4 f6 14. f5 g5 15. Nb3 Nh6 16. Nxc5 dxc5 17.
Ba4+ Bd7 18. Qh5+ Nf7 19. Bb5 a6 20. Bxd7+ Kxd7 21. a4 a5 22. h4 h6 23. Bf2 Nd6 24. Qe2 Rag8 25. Kh2 Rg7 26. Rh1 Qf7 27. h5 g4 28. Kg3 Rg5 29. Rh4 Rhg8 30. Rah1 Kc8 31. Qd3 Qd7 32. Be3 Qxa4 33. Bxg5 Rxg5 34. Rxg4 Rxg4+ 35. Kxg4 Nxc4 36. Kf3 Nd6 37. Rh4 Nxf5 38. Qa6+ Kd7 39.
Rg4 Ne7 40. Rg7 f5 41. Qd3 fxe4+ 42. Qxe4 Qd1+ 43. Kg3 Qb3 44. Qxe5 1-0

[Event "*** Titled Tuesday Blitz"]
[Site "Chess.com"]
[Date "2018.11.06"]
[Round "3"]
[White "DonPreuss"]
[Black "ZeroRealtorFade"]
[Result "0-1"]
[WhiteElo "2131"]
[BlackElo "2220"]
[TimeControl "180+2"]
[EndTime "13:39:45 PST"]
[Termination "ZeroRealtorFade won by resignation"]

1. d4 Nf6 2. Nc3 d5 3. e4 dxe4 4. f3 e3 5. Bxe3 e6 6. Bd3 Bb4 7. Ne2 O-O 8. O-O Nc6 9. Qe1 Nd5 10. Bd2 Nxc3 11. bxc3 Be7 12. Qg3 Bf6 13. Nf4 g6 14.
Nh5 Bh4 15. Qh3 e5 16. g4 gxh5 17. Bh6 Re8 18. Qg2 Kh8 19. Kh1 Rg8 20. Qe2 Qf6 21. g5 Bxg5 22. Bxg5 Rxg5 23. dxe5 Rxe5 24. Qf2 Bf5 25.
f4 Rd5 26. Rae1 Rg8 27. Be4 Bxe4+ 28. Rxe4 Qxc3 29. Rfe1 Qf6 30. Re8 Rd8 31. R8e3 Nd4 32. c3 Nf5 33. Re5 Qc6+ 34. R5e4 Nd6 35. Qd4+ Rg7 36. h4 f5 37. Kh2 fxe4 38. Qf6 Rg8 39. Re2 Qxc3 0-1

[Event "*** Titled Tuesday Blitz"]
[Site "Chess.com"]
[Date "2018.11.06"]
[Round "3"]
[White "GianmarcoVaR"]
[Black "TrimitziosP7"]
[Result "1-0"]
[WhiteElo "2522"]
[BlackElo "2683"]
[TimeControl "180+2"]
[EndTime "13:39:47 PST"]
[Termination "GianmarcoVaR won by resignation"]

1. d4 Nf6 2. c4 e6 3. g3 c5 4. d5 exd5 5. cxd5 b5 6. Nf3 d6 7.
e4 a6 8. Nbd2 g6 9. a4 b4 10.
Bg2 Bg7 11. O-O O-O 12. Re1 a5 13. Qc2 Ba6 14. Nc4 Bxc4 15. Qxc4 Nbd7 16. Bf4 Ne8 17.
Bg5 Bf6 18. Bxf6 Qxf6 19. Qb5 Ne5 20. Nd2 Nc7 21. Qe2 g5 22. Bh3 Qg6 23. Bf5 Qg7 24. Kg2 Ne8 25. Rac1 Qf6 26. f4 Ng6 27. Bxg6 hxg6 28.
e5 Qd8 29. e6 Qe7 30. fxg5 Ng7 31. Ne4 Ne8 32. Rf1 fxe6 33. dxe6 Qxe6 34. Rxf8+ Kxf8 35. Qf3+ Qf7 36. Nf6 Ra7 37. Re1 Nxf6 38. gxf6 Qb7 39.
Re4 d5 40. Re7 Qa8 41. Qe2 d4+ 42. Kg1 Ra6 43. Qe5 Qd8 44. Qg5 d3 45. Qh6+ 1-0

[Event "*** Titled Tuesday Blitz"]
[Site "Chess.com"]
[Date "2018.11.06"]
[Round "3"]
[White "wadsy27"]
[Black "DawidCzerw"]
[Result "1/2-1/2"]
[WhiteElo "2352"]
[BlackElo "2243"]
[TimeControl "180+2"]
[EndTime "13:39:49 PST"]
[Termination "Game drawn by repetition"]

1. c4 c5 2. g3 Nc6 3. Bg2 g6 4. Nc3 Bg7 5. Nf3 e5 6. O-O Nge7 7. a3 a5 8. Ne1 O-O 9. Nc2 d6 10. Ne3 Rb8 11. d3 h6 12. Bd2 Kh7 13. Rb1 f5 14.
Ned5 Nxd5 15. Nxd5 Bd7 16. b4 axb4 17. axb4 b6 18. b5 Ne7 19. Nxe7 Qxe7 20. Ra1 Bc8 21. Bc3 Rf7 22. Qc2 Bb7 23. Ra7 Qe6 24. Rfa1 f4 25. Bxb7 Rbxb7 26. Rxb7 Rxb7 27. Ra6 fxg3 28. hxg3 h5 29.
e4 h4 30. Qe2 Qh3 31. Qf3 Bh6 32. Qg2 Qg4 33. gxh4 Qxh4 34. Qg3 Qh5 35. Kg2 Kg7 36. Ra1 Rf7 37. Rh1 Qe2 38. Qh4 Qf3+ 39. Kg1 Qd1+ 40. Kg2 Qf3+ 41. Kg1 Qd1+ 42. Kg2 Qf3+ 43. Kg1 Qd1+ 44.
Kg2 Qf3+ 1/2-1/2